 Dungeon Crawl Stone Soup version 0.18-a0-1788-g92de1ac (webtiles) character file.

32 MrRokkomies the Skirmisher (level 3, -1/61 HPs)
             Began as an Ogre Hunter on Apr 21, 2016.
             Slain by a goblin
             ... wielding a cursed +0 hunting sling
              (4 damage)
             ... on level 2 of the Dungeon.
             The game lasted 00:02:33 (1737 turns).

MrRokkomies the Skirmisher (Ogre Hunter)            Turns: 1737, Time: 00:02:34

Health: -1/61      AC:  3    Str: 22    XL:     3   Next: 27%
Magic:  3/3        EV: 10    Int: 11    God:
Gold:   61         SH:  0    Dex: 10    Spells: 0 memorised, 2 levels left

rFire  + . .     SeeInvis .     a - +0 short sword
rCold  . . .     Gourm    .     b - +0 robe
rNeg   . . .     Faith    .     (no shield)
rPois  .         Spirit   .     (helmet restricted)
rElec  .         Dismiss  .     (no cloak)
rCorr  .         Reflect  .     (gloves unavailable)
SustAt .         Harm     .     (boots unavailable)
MR     .....                    (no amulet)
Stlth  ..........               (no ring)
                                k - ring of protection from fire

@: berserking, lethally poisoned (-1 -> -5), very quick, not resistant to
hostile enchantments, extremely unstealthy
A: unfitting armour, tough skin 1
a: no special abilities


You were on level 2 of the Dungeon.
You were not hungry.

You visited 1 branch of the dungeon, and saw 2 of its levels.

You collected 61 gold pieces.

Inventory:

Hand Weapons
 a - a +0 short sword (weapon)
Missiles
 d - 2 throwing nets
 i - 30 stones (quivered)
Armour
 b - a +0 robe (worn)
Jewellery
 k - a ring of protection from fire (left hand)
Scrolls
 e - a scroll of identify {unknown}
 j - a scroll of immolation {unknown}
Potions
 m - a potion of resistance {unknown}
Comestibles
 f - 3 bread rations
 l - 2 chunks of flesh


   Skills:
 * Level 4.8 Fighting
 - Level 4.0 Throwing
 - Level 1.7 Dodging
 - Level 0.7 Stealth


You had 2 spell levels left.
You didn't know any spells.

Dungeon Overview and Level Annotations

Branches:
Dungeon (2/15)

Altars:
Ashenzari
Kikubaaqudgha


Innate Abilities, Weirdness & Mutations

You are too large for most types of armour.
You have tough skin (AC +1).


Message History

The adder is lightly wounded.
The adder closely misses you. The goblin barely misses you.
Unknown command.
You puncture the adder!
The adder is severely wounded.
You feel sick. The adder completely misses you.
You miss the adder.
The adder is severely wounded.
The adder closely misses you.
The goblin hits you with a hunting sling.
* * * LOW HITPOINT WARNING * * *
You miss the adder.
The adder is severely wounded.
The adder barely misses you.
You closely miss the adder.
The adder is severely wounded.
* * * LOW HITPOINT WARNING * * *
You feel sick.
The goblin hits you with a hunting sling.
You die...

### #?# ### #.# #####..
..# ..##.# #.####
#.##.#####.##.# ##
#####.##....##.#.#.##.
#....gS.....(#..# #...
#....@##.......## ##..
#.....##........###...
#..................#....
.....>....#####...#.###.
#.........# ##.##.....
####...#### #.#######
#... #.# # #... #+#


You could see an adder and a goblin.

Vanquished Creatures
  A dart slug (D:2)
  2 giant cockroaches (D:1)
  3 goblins (D:1)
  6 hobgoblins
  5 jackals
  5 bats
  4 giant newts (D:1)
  2 rats (D:1)
28 creatures vanquished.

Notes
Turn   | Place    | Note
--------------------------------------------------------------
     0 | D:1      | MrRokkomies the Ogre Hunter began the quest for the Orb.
     0 | D:1      | Reached XP level 1. HP: 22/22 MP: 1/1
   306 | D:1      | Reached XP level 2. HP: 24/32 MP: 2/2
   446 | D:1      | You fall through a shaft!
  1237 | D:1      | Reached XP level 3. HP: 40/40 MP: 3/3
  1684 | D:2      | Found an ancient bone altar of Kikubaaqudgha.
  1688 | D:2      | Found a shattered altar of Ashenzari.
  1735 | D:2      | HP: 3/61 [goblin/hunting sling (4)]
  1737 | D:2      | Slain by a goblin

Vault maps used:
D:1:      sevenhm_arrival_forest_fort_small_4, serial_forest,
          infiniplex_forest_zigzag_1, infiniplex_forest_end_2,
          infiniplex_forest_clump_diagonal, infiniplex_forest_lined_corner,
          infiniplex_forest_clump_small, infiniplex_forest_lined_3_way,
          infiniplex_forest_zigzag_2, infiniplex_forest_clump_small,
          infiniplex_forest_straight_2, minmay_hedge_maze
D:2:      grunt_temple_overflow_open

Skill      XL: |  1  2 |
---------------+-------+-----
Fighting       | 3 4 |  4.8
Throwing       | |  4.0
Dodging        | |  1.7
Stealth        | |  0.7

Action                   || total
-------------------------++-------
Melee: Short sword       ||   160
Throw: Large rock        ||     5
  Use: Potion            ||     2
 Stab: Sleeping          ||     3
  Eat: Chunk             ||     3
Armor: Robe              ||    62
Dodge: Dodged            ||   120
